 Dungeon Crawl Stone Soup version 0.23-a0-899-gbbae0a3 (webtiles) character file.

Game seed: 3330318444636348341

72 galech the Skirmisher (level 4, 37/37 HPs)
             Began as a Demonspawn Fighter on Jan 29, 2019.
             Quit the game on level 3 of the Dungeon.
             The game lasted 00:03:51 (2068 turns).

galech the Skirmisher (Demonspawn Fighter)          Turns: 2068, Time: 00:03:51

Health: 37/37      AC: 15    Str: 17    XL:     4   Next: 6%
Magic:  4/4        EV:  2    Int:  9    God:
Gold:   284        SH:  9    Dex: 13    Spells: 3/3 levels left

rFire    . . .     SeeInvis .   a - +0 war axe
rCold    . . .     Gourm    .   c - +0 shield
rNeg     . . .     Faith    .   i - +0 plate armour
rPois    +         Spirit   .   (helmet restricted)
rElec    .         Reflect  .   q - +0 cloak
rCorr    .         Harm     .   n - +0 pair of gloves
MR       .....                  (no boots)
Stlth    ..........             (no amulet)
HPRegen  0.12/turn              t - ring of poison resistance
MPRegen  0.09/turn              (no ring)

@: no status effects
A: horns 1, slimy green scales 1, demonic guardian 1
a: no special abilities


You were on level 3 of the Dungeon.
You were not hungry.

You visited 1 branch of the dungeon, and saw 3 of its levels.

You collected 284 gold pieces.

Inventory:

Hand Weapons
 a - a +0 war axe (weapon)
Armour
 c - a +0 shield (worn)
 i - a +0 plate armour (worn)
 n - a +0 pair of gloves (worn)
 q - a +0 cloak (worn)
Jewellery
 t - a ring of poison resistance (left hand)
 v - an uncursed ring of stealth
Scrolls
 e - 2 scrolls of enchant armour {unknown}
 g - 2 scrolls of amnesia {unknown}
 j - 2 scrolls of magic mapping {unknown}
 r - 2 scrolls of identify {unknown}
 u - a scroll of enchant weapon {unknown}
 w - a scroll of remove curse {unknown}
Potions
 b - a potion of magic {unknown}
 d - 2 potions of might
 h - 3 potions of heal wounds {unknown}
 k - a potion of lignification {unknown}
 l - 2 potions of invisibility {unknown}
 m - a potion of flight {unknown}
 o - a potion of curing {unknown}
 p - a potion of haste {unknown}
Comestibles
 f - 5 rations
 s - 2 chunks of flesh


   Skills:
 + Level 3.7 Fighting
 + Level 2.6 Axes
 + Level 3.1 Armour
 + Level 0.1 Stealth
 + Level 3.1 Shields


You had 3 spell levels left.
You didn't know any spells.
Your spell library was empty.

Dungeon Overview and Level Annotations

Branches:
Dungeon (3/15)

Altars:
Kikubaaqudgha
The Shining One

Annotations:
D:3 1 runed translucent door


Innate Abilities, Weirdness & Mutations

You have a pair of small horns on your head.
You are partially covered in slimy green scales. (AC +2)
A weak demonic guardian rushes to your aid.


Message History

No target in view!
No target in view!
No target in view!
No target in view!
You see here a worm corpse.
You butcher the worm corpse.
s - 4 chunks of flesh (gained 2) Eating one of 4 chunks of flesh.
You eat one of the 4 chunks of flesh.
This raw flesh tastes terrible.
Some of the chunks of flesh in your inventory have rotted away.
Found 15 bolts.
Found a runed dagger.
There is an open door here.
Things that are here:
a +0 dagger; a +0 chain mail The angel shouts!
Done exploring.
Done exploring.
Done exploring.
Are you sure you want to abandon this character and quit the game? (Confirm with "yes".)

#.# ###............###.##### #.#
#......########........# #.#
#.###.## #.##.###.# #.# #.# #.##
#.##.# #.# #.#####.###..#
#.##.###.# #.#..........##
#.##..##.# #.#...⌠.......#
##.###.##.## ###.#.#....≈≈≈..##
#.........## #...#.##...≈≈≈..@##
#.........#.
......##...≈≈≈≈...####...##.#.###
#.....#..≈≈≈≈≈≈...+........#.....
#.....#.≈.........####....###.###
#.#.#.#._.....⌠..## #..##.#..#
>.#.#.#....##...## #.###..#.#
.##.#.########.## #........#
.##.#..........# #####.####
.##.#######...## #.#


There were no monsters in sight!

Vanquished Creatures
  An ooze (D:2)
  2 worms
  3 dart slugs (D:1)
  2 leopard geckos
  2 orcs (D:3)
  2 ball pythons
  2 giant cockroaches
  5 goblins
  9 hobgoblins
  4 jackals (D:1)
  3 bats
  3 frilled lizards
  5 kobolds
  4 rats
47 creatures vanquished.

Notes
Turn   | Place    | Note
-------+----------+-------------------------------------------
     0 | D:1      | galech the Demonspawn Fighter began the quest for the Orb.
     0 | D:1      | Reached XP level 1. HP: 18/18 MP: 1/1
    45 | D:1      | Gained mutation: You are partially covered in slimy green
                  | scales. (AC +2) [demonic ancestry]
    45 | D:1      | Reached XP level 2. HP: 16/24 MP: 2/2
   627 | D:2      | Gained mutation: You have a pair of small horns on your
                  | head. [demonic ancestry]
   627 | D:2      | Reached XP level 3. HP: 29/29 MP: 3/3
  1571 | D:3      | Found an ancient bone altar of Kikubaaqudgha.
  1594 | D:3      | Found a runed translucent door.
  1595 | D:3      | Found a glowing golden altar of the Shining One.
  1601 | D:3      | Noticed an angel
  1927 | D:3      | Gained mutation: A weak demonic guardian rushes to your
                  | aid. [demonic ancestry]
  1927 | D:3      | Reached XP level 4. HP: 37/37 MP: 4/4
  2068 | D:3      | Quit the game

Vault maps used:
D:1:      tarquinn_simple_flora_water_d
D:2:      chequers_mini_garden, minmay_tetromino_o4
D:3:      kiku_gazebo_pond_becter, first_ration, lemuel_angel_altar

Skill      XL: |  1  2  3 |
---------------+----------+-----
Armour         | 3 |  3.1
Axes           | 2 |  2.6
Shields        | 3 |  3.1
Fighting       | |  3.7
Stealth        | |  0.1

Action                   |  1- 3 |  4- 6 || total
-------------------------+-------+-------++-------
Melee: War axe           |   131 |     6 ||   137
       Headbutt          |     7 |     2 ||     9
  Eat: Chunk             |     3 |     1 ||     4
Armor: Scale mail        |    11 |       ||    11
       Plate armour      |    93 |     2 ||    95
Dodge: Dodged            |    20 |       ||    20
Block: Shield            |    75 |     2 ||    77

Table legend:
 A = Non-vault XP
 B = Vault XP
 C = Vault XP percentage of total XP
 D = Non-vault monster count
 E = Vault monster count
 F = Vault count percentage of total count
                 A         B        C        D         E       F
            +---------+---------+-------+---------+---------+-------
      Total |     101 |       2 |   1.9 |      45 |       2 |   4.3
            +---------+---------+-------+---------+---------+-------
        D:1 |      37 |       0 |   0.0 |      18 |       0 |   0.0
        D:2 |      34 |       2 |   5.6 |      13 |       2 |  13.3
        D:3 |      30 |       0 |   0.0 |      14 |       0 |   0.0
            +---------+---------+-------+---------+---------+-------
